 Dungeon Crawl Stone Soup version 0.25-a0-424-g80bd347ae0 (webtiles) character file.

Game seed: 505216788603767211, levelgen mode: deterministic

1451 Nattfarinn the Ruffian (level 8, -1/84 HPs)
             Began as an Ogre Transmuter on Jan 23, 2020.
             Slain by a bullfrog (4 damage)
             ... in the Ecumenical Temple.
             The game lasted 00:16:04 (7099 turns).

Nattfarinn the Ruffian (Ogre Transmuter)            Turns: 7099, Time: 00:16:05

Health: -1/84      AC:  2    Str: 17    XL:     8   Next: 75%
Magic:  2/11       EV: 19    Int: 14    God:
Gold:   156        SH:  0    Dex: 14    Spells: 5/11 levels left

rFire    . . .     SeeInvis .     - Unarmed
rCold    . . .     Gourm    .   (shield currently unavailable)
rNeg     + . .     Faith    .   (armour currently unavailable)
rPois    x         Spirit   .   (helmet currently unavailable)
rElec    .         Reflect  .   (cloak currently unavailable)
rCorr    .         Harm     .   (gloves unavailable)
MR       .....                  (boots unavailable)
Stlth    +.........             (no amulet)
HPRegen  0.24/turn              i - ring of positive energy
MPRegen  0.12/turn              (no ring)

@: spider-form
A: tiny, unfitting armour
a: End Transformation


You were in the Ecumenical Temple.
You were very hungry.
You were a venomous arachnid creature.
You visited 2 branches of the dungeon, and saw 7 of its levels.

You collected 156 gold pieces.

Inventory:

Missiles
 a - 60 arrows
Armour
 b - a +0 robe (melded)
 g - a +2 cloak (melded)
Jewellery
 i - a ring of positive energy (left front leg)
 k - a +2 ring of evasion {unknown}
Scrolls
 e - a scroll of teleportation
 l - a scroll of immolation
 o - 3 scrolls of remove curse
Potions
 f - 3 potions of agility
 j - 2 potions of haste {unknown}
 m - a potion of heal wounds {unknown}
 p - a potion of might {unknown}
Comestibles
 d - 7 rations


   Skills:
 + Level 6.9 Fighting
 - Level 1.7 Dodging
 * Level 7.4 Unarmed Combat
 - Level 2.4 Spellcasting
 + Level 5.1 Transmutations


You had 5 spell levels left.
You knew the following spells:

 Your Spells              Type           Power        Failure   Level  Hunger
a - Beastly Appendage     Tmut           ###...       10%         1    #......
b - Sticks to Snakes      Tmut           ###.....     13%         2    ###....
c - Spider Form           Tmut/Pois      #.........   45%         3    ###....

Your spell library contained the following spells:

 Spells                   Type           Power        Failure   Level  Hunger
 Blade Hands              Tmut           ###.......   80%         5    ######.
 Ice Form                 Ice/Tmut       #.......     82%         4    #####..


Dungeon Overview and Level Annotations

Branches:
Dungeon (6/15)             Temple (1/1) D:6

Altars:
Ashenzari
Dithmenos
Elyvilon
Fedhas
Hepliaklqana
Okawaru
Ru
Uskayaw

Shops:
D:4 (

Annotations:
D:4 2 runed translucent doors, zeli25's ghost, amateur DEWz


Innate Abilities, Weirdness & Mutations

You are too large for most types of armour.
((You have tough skin. (AC +1)))


Message History

* * * LOW HITPOINT WARNING * * *
The bullfrog hits you but does no damage.
You climb downwards.
Welcome to the Ecumenical Temple!
There is a staircase back to the Dungeon here.
Casting: Spider Form (safe; 24% risk of failure)
Confirm with . or Enter, or press ? or * to list all spells.
You turn into a venomous arachnid creature.
Your +2 cloak melds into your body.
Your +0 robe melds into your body.
The bullfrog hits you.
* * * LOW HITPOINT WARNING * * *
The bullfrog hits you but does no damage.
You closely miss the bullfrog. The bullfrog hits you.
* * * LOW HITPOINT WARNING * * *
You closely miss the bullfrog. The bullfrog barely misses you.
You bite the bullfrog!
The bullfrog looks as sick as possible!
The bullfrog is heavily wounded.
The bullfrog hits you.
* * * LOW HITPOINT WARNING * * *
The bullfrog hits you.
You die...

+........
#.......#
##.......#
###.......#
####.........#
#............#
............#
.......Fs...#
...........##
#≈≈≈≈≈≈≈≈###
###≈≈≈####
####


You could see a bullfrog.

Vanquished Creatures
  Sigmund (D:3)
  A wyvern (D:6)
  A phantom (D:4)
  A centaur (D:5)
  2 ogres (D:4)
  A scorpion (D:5)
  A crimson imp (D:5)
  A bullfrog zombie (D:5)
  A centaur zombie (D:6)
  3 orc priests
  A centaur skeleton (D:6)
  2 hounds
  Crazy Yiuf (D:2)
  2 iguanas (D:4)
  An orc wizard (D:6)
  2 worker ants (D:4)
  5 gnolls
  11 adders
  2 oozes (D:2)
  4 worms
  3 dart slugs
  3 leopard geckos
  19 orcs
  6 bats
  9 giant cockroaches
  6 goblins
  8 hobgoblins
  8 jackals
  8 kobolds
  2 quokkas
  A ball python (D:1)
  5 frilled lizards
  2 quokka skeletons
  9 rats
  A fungus (D:2)
134 creatures vanquished.

Vanquished Creatures (collateral kills)
  A bullfrog (D:6)
  A rat (D:3)
2 creatures vanquished.

Grand Total: 136 creatures vanquished

Notes
Turn   | Place    | Note
-------+----------+-------------------------------------------
     0 | D:1      | Nattfarinn the Ogre Transmuter began the quest for the Orb.
     0 | D:1      | Reached XP level 1. HP: 19/19 MP: 3/3
    78 | D:1      | Reached skill level 3 in Unarmed Combat
    78 | D:1      | Reached XP level 2. HP: 8/28 MP: 3/5
   298 | D:1      | Learned a level 2 spell: Sticks to Snakes
   912 | D:1      | Reached XP level 3. HP: 35/35 MP: 6/6
  1962 | D:2      | Reached XP level 4. HP: 30/44 MP: 7/7
  2112 | D:2      | Found an iron altar of Okawaru.
  2112 | D:2      | Found a shattered altar of Ashenzari.
  2600 | D:2      | Reached skill level 4 in Unarmed Combat
  2841 | D:2      | Reached XP level 5. HP: 49/53 MP: 8/8
  2922 | D:2      | Found a faded altar of an unknown god.
  3073 | D:2      | Found a white marble altar of Elyvilon.
  3364 | D:2      | Learned a level 3 spell: Spider Form
  3706 | D:2      | Found a runed translucent door.
  3707 | D:2      | Noticed Crazy Yiuf
  3736 | D:2      | Killed Crazy Yiuf
  4883 | D:3      | Noticed Sigmund
  4944 | D:3      | Killed Sigmund
  4944 | D:3      | Reached skill level 5 in Unarmed Combat
  4944 | D:3      | Reached XP level 6. HP: 33/63 MP: 3/9
  5135 | D:3      | Found a sacrificial altar of Ru.
  5221 | D:4      | Noticed a phantom
  5236 | D:4      | Killed a phantom
  5236 | D:4      | Reached XP level 7. HP: 66/71 MP: 7/10
  5256 | D:4      | Noticed a +0 dagger
  5267 | D:4      | Noticed a +0 dagger
  5281 | D:4      | Found a hide-covered altar of Uskayaw.
  5469 | D:4      | Reached skill level 5 in Fighting
  5831 | D:4      | Found a runed translucent door.
  5831 | D:4      | Noticed zeli25's ghost (amateur DEWz)
  6167 | D:4      | Reached skill level 6 in Unarmed Combat
  6197 | D:4      | Reached XP level 8. HP: 83/83 MP: 7/11
  6244 | D:4      | Found Mesh's Antique Weapon Emporium.
  6273 | D:4      | Found a runed translucent door.
  6477 | D:5      | Entered Level 5 of the Dungeon
  6492 | D:5      | Found a hazy altar of Hepliaklqana.
  6757 | D:5      | Found a shadowy altar of Dithmenos.
  6919 | D:5      | You fall into a shaft and drop 1 floor!
  6919 | D:6      | Found a blossoming altar of Fedhas.
  6955 | D:6      | Found a staircase to the Ecumenical Temple.
  7007 | D:6      | Noticed a wyvern
  7015 | D:6      | Reached skill level 7 in Unarmed Combat
  7020 | D:6      | Killed a wyvern
  7020 | D:6      | Reached skill level 5 in Transmutations
  7094 | Temple   | Entered the Ecumenical Temple
  7099 | Temple   | HP: 3/84 [bullfrog (6)]
  7099 | Temple   | Slain by a bullfrog

Levels and vault maps discovered:
D:1:      minmay_arrival_up_and_down, layout_loops_ring
D:2:      layout_loops_corners, nicolae_overflow_hidden_temple,
          gammafunk_temple_overflow_wave, serial_forest,
          infiniplex_forest_clump_tiny, infiniplex_forest_lined_corner,
          infiniplex_forest_lined_ring, infiniplex_forest_lined_corner,
          infiniplex_forest_end_1, infiniplex_forest_zigzag_2,
          chequers_ecumenical_altar_simple, minmay_stone_trees_small,
          uniq_crazy_yiuf_cottage
D:3:      minmay_inner_zag, layout_loops_corners, lemuel_doored_altar,
          minmay_misc_feat_x, minmay_misc_feat_five,
          minmay_misc_feat_nine_boxes, minmay_splitting_lines,
          kennysheep_generic_room_8, uniq_sigmund
D:4:      layout_cave_pods, dancing_weapons_uskayaw, ebering_ghost_sewer_f,
          first_ration, serial_shops, nicolae_shop_overgrown_old_shop
D:5:      layout_basic, led_xom_imps, lemuel_crystal_altar,
          nicolae_dithmenos_through_a_glass_darkly, lemuel_another_geyser
D:6:      layout_rooms, tso_metal_star, minmay_temple_entry_mini_moons,
          portal_sewer_entry_a, tgw_fedhas
Temple:   minmay_temple_curvy_loop

Skill      XL: |  1  2  3  4  5  6  7  8 |
---------------+-------------------------+-----
Unarmed Combat | 3 4 5 6 7 |  7.4
Transmutations | 2 3 4 5 |  5.1
Fighting       | 2 3 4 5 6 |  6.9
Dodging        | |  1.7
Spellcasting   | |  2.4

Action                   |  1- 3 |  4- 6 |  7- 9 || total
-------------------------+-------+-------+-------++-------
Melee: Unarmed           |   169 |   228 |   216 ||   613
       Headbutt          |     4 |     3 |       ||     7
       Punch             |     1 |     1 |     2 ||     4
       Kick              |       |       |     3 ||     3
 Cast: Beastly Appendage |     4 |     3 |     1 ||     8
       Sticks to Snakes  |       |     2 |     2 ||     4
       Spider Form       |       |     6 |    17 ||    23
  Use: Potion            |       |     2 |       ||     2
       Scroll            |       |     2 |     4 ||     6
 Stab: Invisible         |       |     2 |       ||     2
       Distracted        |       |       |     1 ||     1
  Eat: Chunk             |     3 |     9 |     8 ||    20
       Ration            |       |     1 |       ||     1
Armor: Robe              |    49 |    41 |    30 ||   120
       Skin              |       |     2 |     6 ||     8
Dodge: Dodged            |    92 |   105 |   194 ||   391

Table legend:
 A = Non-vault XP
 B = Vault XP
 C = Vault XP percentage of total XP
 D = Non-vault monster count
 E = Vault monster count
 F = Vault count percentage of total count
                 A         B        C        D         E       F
            +---------+---------+-------+---------+---------+-------
      Total |    1788 |     286 |  13.8 |     127 |       8 |   5.9
            +---------+---------+-------+---------+---------+-------
        D:1 |      38 |       0 |   0.0 |      21 |       0 |   0.0
        D:2 |     144 |      40 |  21.7 |      34 |       1 |   2.9
        D:3 |      54 |     246 |  82.0 |      15 |       7 |  31.8
        D:4 |     748 |       0 |   0.0 |      35 |       0 |   0.0
        D:5 |     295 |       0 |   0.0 |      10 |       0 |   0.0
        D:6 |     509 |       0 |   0.0 |      12 |       0 |   0.0
            +---------+---------+-------+---------+---------+-------
